AoeStats
← Joaking

Lombardia

507397621Analyzed
4v4 RM · 13d ago on Sep 18, 2026· 48m 42s· 8 players
Game mode
Random Map
Map size
Large (8 player)
Population
200
Speed
Normal
Resources
Standard
Victory
Conquest
Starting age
Dark Age
Ending age
Imperial Age
RankedLock teamsTeams togetherTeam positionsShared explorationLock speedFull tech treeHidden civsTurbo modeCheats
Victory
Defeat
🇺🇸 Sicilians · United States
962
+14
🇨🇱 Khmer · Chile
957
+14
🇰🇼 Spanish · Kuwait
948
+15
🇵🇪 Portuguese · Peru
871
+19
🇦🇷 Spanish · Argentina
978
-18
🇦🇷 Vietnamese · Argentina
953
-17
🇦🇷 Poles · Argentina
901
-15
🇦🇷 Huns · Argentina
849
-12
joaqo9909
10:23 Feudal Age
11:50 Loom
12:59 Horse Collar
20:32 Castle Age
27:17 Double-Bit Axe
27:33 Heavy Plow
28:50 Scale Mail Armor
31:48 Forging
34:38 Iron Casting
34:19 Chain Mail Armor
39:41 Imperial Age
37:33 Fletching
37:06 Light Cavalry
39:55 Elite Obuch
42:29 Capped Ram
43:39 Bloodlines
VØID
10:26 Feudal Age
13:05 Double-Bit Axe
14:17 Wheelbarrow
14:14 Horse Collar
21:50 Castle Age
22:16 Forging
22:12 Scale Barding Armor
24:36 Marauders
24:48 Husbandry
25:04 Heavy Plow
36:03 Iron Casting
37:00 Chain Barding Armor
41:32 Imperial Age
42:16 Squires
iNeik
11:57 Feudal Age
12:33 Horse Collar
12:39 Double-Bit Axe
22:12 Castle Age
20:27 Bloodlines
21:33 Fletching
21:44 Padded Archer Armor
21:52 Scale Barding Armor
21:57 Forging
23:13 Elite Skirmisher
24:26 Husbandry
34:52 Bow Saw
35:29 Gold Mining
37:47 Wheelbarrow
39:41 Heavy Plow
41:27 Ballistics
46:25 Imperial Age
45:50 Chain Barding Armor
45:41 Forging
GordiTOsko
13:59 Feudal Age
14:32 Double-Bit Axe
15:00 Horse Collar
24:54 Castle Age
24:08 Scale Mail Armor
25:54 Heavy Plow
26:09 Bow Saw
34:24 Imperial Age
34:28 Coinage
34:08 Gold Mining
34:12 Stone Mining
37:01 Banking
38:01 Wheelbarrow
Its3amBuddy
5:45 Loom
11:01 Feudal Age
11:35 Double-Bit Axe
14:22 Horse Collar
16:44 Wheelbarrow
20:02 Bloodlines
24:02 Castle Age
22:57 Forging
24:07 Pikeman
26:42 Heavy Plow
28:03 Hand Cart
29:05 Bow Saw
31:38 Fervor
34:20 Scale Mail Armor
36:12 Gold Mining
39:01 Imperial Age
37:38 Scale Barding Armor
38:10 Iron Casting
38:45 Gold Shaft Mining
38:01 Stone Mining
38:41 Sanctity
38:43 Husbandry
39:15 Chain Barding Armor
40:12 Caravan
40:44 Conscription
39:48 Cavalier
41:04 Halberdier
41:59 Squires
43:17 Plate Barding Armor
43:33 Hauberk
45:16 Blast Furnace
43:59 Light Cavalry
46:02 Crop Rotation
Joaking
4:38 Loom
12:44 Feudal Age
18:35 Castle Age
18:20 Double-Bit Axe
19:41 Bloodlines
21:09 Scale Barding Armor
28:47 Wheelbarrow
33:34 Imperial Age
35:48 Chain Barding Armor
35:39 Forging
34:52 Elite Battle Elephant
36:49 Bow Saw
37:03 Husbandry
38:41 Plate Barding Armor
41:47 Caravan
43:41 Coinage
44:09 Iron Casting
43:55 Hand Cart
43:26 Town Watch
45:04 Conscription
44:48 Tusk Swords
46:20 Chemistry
45:41 Ballistics
45:38 Fortified Wall
Arianna Ishikawa
12:55 Feudal Age
13:38 Double-Bit Axe
15:33 Loom
19:49 Castle Age
18:16 Horse Collar
18:30 Gold Mining
19:30 Forging
22:27 Wheelbarrow
24:10 Scale Barding Armor
24:21 Heavy Plow
24:55 Bow Saw
25:45 Stone Mining
30:46 Scale Mail Armor
31:22 Iron Casting
30:10 Pikeman
32:07 Chain Mail Armor
32:09 Arson
33:26 Chain Barding Armor
34:11 Bloodlines
34:02 Husbandry
39:31 Imperial Age
37:18 Hand Cart
36:48 Town Watch
36:49 Light Cavalry
38:21 Fletching
38:31 Padded Archer Armor
40:15 Masonry
40:27 Ballistics
40:17 Fortified Wall
40:15 Thumb Ring
39:31 Elite Skirmisher
40:47 Conscription
41:15 Plate Mail Armor
40:07 Halberdier
40:10 Cavalier
42:09 Bodkin Arrow
42:29 Leather Archer Armor
42:49 Leather Archer Armor
44:18 Chemistry
43:24 Siege Engineers
43:51 Architecture
45:02 Blast Furnace
44:37 Plate Barding Armor
45:35 Ring Archer Armor
45:41 Plate Barding Armor
44:31 Capped Ram
46:04 Bracer
46:12 Siege Engineers
47:25 Treadmill Crane
47:40 Murder Holes
Q8_Rasheed
13:35 Feudal Age
17:21 Castle Age
16:44 Loom
19:14 Scale Barding Armor
19:20 Forging
19:43 Bloodlines
20:34 Husbandry
26:03 Double-Bit Axe
27:47 Wheelbarrow
27:42 Town Watch
28:10 Bow Saw
33:13 Imperial Age
32:24 Caravan
33:19 Chain Barding Armor
33:35 Iron Casting
33:53 Scale Mail Armor
33:57 Cavalier
35:54 Hand Cart
36:55 Coinage
36:20 Gold Mining
37:08 Plate Barding Armor
37:34 Blast Furnace
38:21 Chemistry
37:41 Ballistics
37:39 Chain Mail Armor
37:17 Pikeman
37:58 Squires
37:44 Arson
38:17 Halberdier
39:52 Paladin
41:07 Plate Mail Armor
42:08 Fletching
42:19 Padded Archer Armor
43:17 Horse Collar
Connection lost

Rejoining the realm…

Still unreachable

The connection could not be restored.

Session expired

The server has moved on; the page needs a fresh start.